Map: Acropolis LE

Players

PtitDrogo

  • Race: Protoss Protoss
  • League: Master
  • Spawn Location: 11:00

Zanster - Winner!

  • Race: Zerg Zerg
  • Spawn Location: 5:00

Event: HomeStory Cup XIX

VOD

Have the link to the VOD?

Description

Time

  • Played on: June 28, 2019, 11:48 a.m.
  • Length: 6:32

All games in this series

Show
View Real Time Build Order
Export as new Build Order

PtitDrogo Protoss 

Build Orders: 1 Gate Expand, Oracle Opening 

Get SALT Encoding   

  12  0:00  Probe  
  13  0:12  Probe  
  14  0:20  Pylon  
  14  0:24  Probe  
  15  0:34  Probe  
  16  0:42  Probe  
  16  0:43  Gateway  
  16  0:48  Assimilator  
  17  0:52  Probe  
  18  1:04  Probe  
  19  1:16  Probe  
  20  1:26  Nexus  
  20  1:34  Cybernetics Core  
  20  1:37  Probe  
  21  1:43  Assimilator  
  21  1:49  Probe  
  21  1:52  Pylon  
  22  2:01  Probe, Adept  
  23  2:13  Probe  
  26  2:17  Stargate  
  26  2:25  Probe  
  26  2:27  Warp Gate  
  27  2:34  Stalker, Probe  
  27  2:35  Probe  
  29  2:42  Probe  
  29  2:43  Probe  
  33  2:52  Probe x2  
  33  2:55  Oracle  
  35  3:04  Probe x2  
  40  3:10  Pylon  
  40  3:16  Probe x2  
  42  3:22  Oracle  
  42  3:23  Gateway  
  42  3:28  Probe x2  
  47  3:41  Probe x2  
  49  3:45  Pylon  
  49  3:46  Assimilator  
  49  3:53  Probe x2  
  51  4:00  Assimilator  
  51  4:05  Probe x2, Oracle  
  56  4:13  Pylon  
  56  4:17  Probe x2, Robotics Facility  
  56  4:21  Zealot  
  60  4:29  Probe x2  
  62  4:41  Probe x2  
  64  4:47  Nexus  
  64  4:49  Pylon  
  64  4:53  Probe x2  
  64  4:55  Twilight Council  
  64  4:57  Forge  
  64  4:58  Observer  
  66  5:00  Pylon  
  66  5:06  Probe  
  68  5:10  Zealot  
  68  5:11  Zealot  
  72  5:18  Immortal  
  72  5:21  Probe  
  72  5:25  Probe  
  70  5:31  Adept x2  
  74  5:42  Pylon  
  68  5:44  Pylon  
  68  5:49  Immortal  
  68  5:51  Probe, Templar Archives  
  68  5:52  Gateway  
  68  5:54  Gateway  
  68  5:56  Gateway  
  69  5:58  Gateway  
  69  6:03  Zealot  
  69  6:15  Probe  
  65  6:21  Shield Battery  
Show
View Real Time Build Order
Export as new Build Order

Zanster Zerg - Winner!

Build Orders: Hatch First 

Get SALT Encoding   

  12  0:00  Drone  
  13  0:13  Overlord  
  13  0:17  Drone  
  14  0:31  Drone x2  
  16  0:48  Hatchery  
  15  0:51  Drone  
  15  0:54  Drone  
  17  0:58  Drone  
  18  1:08  Extractor  
  17  1:14  Spawning Pool  
  17  1:16  Drone  
  17  1:20  Drone  
  18  1:29  Drone  
  19  1:40  Drone  
  20  1:52  Drone  
  21  2:01  Queen x2  
  21  2:02  Overlord  
  21  2:03  Zergling x2  
  26  2:13  Zergling x2, Evolution Chamber  
  26  2:14  Drone  
  27  2:20  Metabolic Boost  
  27  2:25  Drone x2  
  29  2:32  Drone  
  30  2:46  Hatchery  
  30  2:49  Drone  
  30  2:53  Drone  
  30  2:57  Zerg Melee Weapons Level 1  
  31  3:00  Overlord  
  31  3:03  Drone  
  32  3:06  Drone  
  32  3:08  Drone  
  32  3:11  Drone  
  32  3:12  Drone  
  38  3:21  Drone x4  
  38  3:24  Overlord  
  38  3:26  Drone  
  41  3:29  Spore Crawler  
  41  3:30  Drone  
  41  3:33  Drone  
  42  3:35  Spore Crawler  
  42  3:38  Drone  
  42  3:43  Queen  
  42  3:45  Drone  
  45  3:48  Drone  
  45  3:50  Drone  
  45  3:51  Drone, Spore Crawler  
  45  3:55  Overlord  
  47  3:58  Drone x2  
  47  4:00  Drone  
  50  4:03  Overlord  
  50  4:10  Overlord  
  50  4:14  Drone x4  
  50  4:15  Drone x2  
  56  4:18  Drone x2  
  58  4:27  Queen  
  58  4:35  Zergling x10  
  58  4:36  Zergling x4  
  63  4:43  Zergling x2  
  63  4:44  Zergling x6  
  63  4:45  Zergling x2  
  68  4:46  Queen  
  68  4:47  Overlord  
  70  4:53  Lair  
  70  4:58  Zergling x2  
  70  4:59  Zergling x6  
  74  5:02  Overlord  
  74  5:07  Baneling Nest  
  74  5:11  Zergling x8  
  74  5:14  Zergling x2  
  74  5:15  Zergling x6  
  76  5:25  Zergling x10  
  80  5:33  Overlord  
  78  5:39  Zergling x12, Hatchery  
  74  5:50  Zergling x10  
  79  5:58  Extractor, Overlord  
  79  5:59  Extractor  
  73  6:05  Zergling x10  
  73  6:09  Zergling x2  
  73  6:10  Zergling x2  
Tags
 
Add a new tag
Caveats
  • Supply blocks, unpowered buildings, or Contaminate may cause inaccurate times.
  • Supply counts are checked every 10 seconds.